 Dungeon Crawl Stone Soup version 0.20.1-1-g8b1a95d (console) character file.

1035 hilaritas the Conjurer (level 8, -1/52 HPs)
             Began as a Human Wizard on Sept 23, 2017.
             Was an Initiate of Vehumet.
             Shot with an arrow by a centaur (7 damage)
             ... on level 5 of the Dungeon on Sept 24, 2017.
             The game lasted 00:18:20 (6991 turns).

hilaritas the Conjurer (Human Wizard)               Turns: 6991, Time: 00:18:21

Health: -1/52      AC: 11    Str:  7    XL:     8   Next: 48%
Magic:  0/17       EV: 12    Int: 26    God:    Vehumet [......]
Gold:   219        SH:  0    Dex: 12    Spells: 5/19 levels left

rFire    + . .     SeeInvis .   M - +0 trident
rCold    . . .     Gourm    .   (no shield)
rNeg     . . .     Faith    .   I - +2 robe {rF+}
rPois    .         Spirit   .   n - +1 helmet
rElec    .         Reflect  .   (no cloak)
rCorr    .         Harm     .   f - +0 pair of gloves
MR       +....                  w - +1 pair of boots {run}
Stlth    ++........             (no amulet)
Regen    0.2/turn               r - +3 ring of intelligence
MPRegen  0.2/turn               t - ring of protection from magic

@: quick
A: slimy green scales 1, clever 1
a: Renounce Religion


You were on level 5 of the Dungeon.
You worshipped Vehumet.
Vehumet was noncommittal.
You were not hungry.

You visited 2 branches of the dungeon, and saw 6 of its levels.
You also visited: Sewer.

You collected 219 gold pieces.

Inventory:

Hand Weapons
 M - a +0 trident (weapon)
Missiles
 i - 10 javelins (quivered)
 E - 60 arrows
Armour
 f - a +0 pair of gloves (worn)
 n - a +1 helmet (worn)
 w - a +1 pair of boots of running (worn)
 y - a +1 robe of magic resistance
 D - a +0 large shield
 I - a +2 robe of fire resistance (worn)
 J - the +0 shield of the Harvest Moon {rPois rCorr Str+6 Int-3, unknown}
   (You found it on level 5 of the Dungeon)

   It affects your strength (+6).
   It affects your intelligence (-3).
   It protects you from poison.
   It protects you from acid and corrosion.
Jewellery
 r - a +3 ring of intelligence (left hand)
 s - an uncursed ring of positive energy
 t - a ring of protection from magic (right hand)
Wands
 m - a wand of iceblast (11/15)
 H - a wand of polymorph (14/24)
Scrolls
 e - 5 scrolls of identify
 o - a scroll of fog
 p - 2 scrolls of teleportation
 A - a scroll of remove curse
 L - a scroll of fear
Potions
 a - 2 potions of mutation
 b - 2 potions of curing
 k - a potion of might {unknown}
 l - a potion of cancellation {unknown}
 u - a potion of ambrosia {unknown}
 v - a potion of degeneration {unknown}
 x - 4 potions of heal wounds {unknown}
 z - 2 potions of lignification
 B - a potion of haste
 C - 2 potions of agility {unknown}
 G - a potion of magic {unknown}
Books
 c - a book of Minor Magic

   Spells                             Type                      Level
   a - Magic Dart                     Conjuration                  1
   b - Blink                          Translocation                2
   c - Call Imp                       Summoning                    2
   d - Slow                           Hexes                        2
   e - Conjure Flame                  Conjuration/Fire             3
   f - Mephitic Cloud                 Conjuration/Poison/Air       3
 F - a book of Callings

   Spells                             Type                      Level
   a - Summon Small Mammal            Summoning                    1
   b - Call Imp                       Summoning                    2
   c - Call Canine Familiar           Summoning                    3
   d - Summon Guardian Golem          Hexes/Summoning              3
   e - Summon Lightning Spire         Summoning/Air                4
   f - Summon Ice Beast               Ice/Summoning                4
 K - a book of Air

   Spells                             Type                      Level
   a - Shock                          Conjuration/Air              1
   b - Swiftness                      Charms/Air                   2
   c - Static Discharge               Conjuration/Air              3
   d - Airstrike                      Air                          4
   e - Lightning Bolt                 Conjuration/Air              5
Comestibles
 d - 4 bread rations
 h - 4 meat rations
 j - 2 chunks of flesh
 q - 3 royal jellies


   Skills:
 - Level 2.0 Dodging
 - Level 2.0 Stealth
 - Level 6.3 Spellcasting
 + Level 6.4 Conjurations
 - Level 1.0 Summonings
 - Level 1.0 Translocations
 * Level 2.7 Fire Magic


You had 5 spell levels left.
You knew the following spells:

 Your Spells              Type           Power        Failure   Level  Hunger
a - Magic Dart            Conj           ####         1%          1    None
b - Blink                 Tloc           N/A          7%          2    None
c - Conjure Flame         Conj/Fire      ####....     3%          3    None
d - Mephitic Cloud        Conj/Pois/Air  ###.....     9%          3    None
e - Call Canine Familiar  Summ           ##......     13%         3    None
f - Swiftness             Chrm/Air       #.......     11%         2    None


Dungeon Overview and Level Annotations

Branches:
Dungeon (5/15)             Temple (1/1) D:4

Altars:
Fedhas
Gozag
Hepliaklqana
Makhleb
Okawaru
Qazlal
Ru
Uskayaw
Vehumet
Zin
The Shining One


Innate Abilities, Weirdness & Mutations

You are partially covered in slimy green scales. (AC +2)
Your mind is acute. (Int +2)


Message History

The centaur shoots an arrow.
The arrow hits you!
Casting: Magic Dart
Confirm with . or Enter, or press ? or * to list all spells.
Aiming: Conjure Flame
Press: ? - help, Dir - move target cursor, p - centaur The fire ignites!
The centaur shoots an arrow.
The arrow misses you.
Casting: Conjure Flame
Confirm with . or Enter, or press ? or * to list all spells.
Aiming: Magic Dart
Press: ? - help, Shift-Dir - straight line, f - centaur
Aim: a centaur, wielding a shortbow (heavily wounded)
The magic dart hits the centaur.
The centaur is heavily wounded.
The centaur shoots an arrow.
The arrow hits you.
* * * LOW HITPOINT WARNING * * *
The centaur shoots an arrow.
The arrow hits you!
* * * LOW HITPOINT WARNING * * *
The centaur shoots an arrow.
The arrow barely misses you.
The centaur shoots an arrow.
The arrow hits you!
You die...

####..#...#...#
#.............#
####.#..#...###...
#....##....## #...
#..#.###.#.# #.##
#.#..# .##.# ##.##
#w#..# .###....
#c#.... ##...##
#ยง#.#### #.#...#
#(#[# ##....#
#@#.# ......< #.#
###.... #.# #.#..
#(# #.#.. .#.
#.... # # #....
#%##########...
##......[..)...
##.###....<))...
#.....)#########
#.####### #


You could see a centaur and a worm.

Vanquished Creatures
  An ice beast (D:4)
  A sky beast (D:5)
  A phantom (D:4)
  A crocodile (Sewer)
  2 scorpions (D:4)
  A crimson imp (D:5)
  2 orc priests (D:4)
  A hound (D:4)
  2 jellies (D:5)
  3 orc wizards
  Jessica (D:3)
  A worker ant (D:4)
  2 iguanas (D:4)
  7 adders
  2 oozes
  3 adder skeletons (D:4)
  2 worms (D:3)
  2 dart slugs
  5 leopard geckos
  8 orcs
  10 bats
  9 giant cockroaches
  6 goblins
  13 hobgoblins
  8 jackals
  5 quokkas
  2 ball pythons
  6 frilled lizards
  11 kobolds
  27 rats
145 creatures vanquished.

Notes
Turn   | Place    | Note
-------+----------+-------------------------------------------
     0 | D:1      | hilaritas the Human Wizard began the quest for the Orb.
     0 | D:1      | Reached XP level 1. HP: 13/13 MP: 4/4
   392 | D:1      | Reached XP level 2. HP: 19/19 MP: 1/6
   518 | D:1      | Learned a level 2 spell: Blink
  1161 | D:1      | Reached XP level 3. HP: 24/24 MP: 4/7
  1194 | D:1      | Learned a level 3 spell: Conjure Flame
  1833 | D:2      | Found a stormy altar of Qazlal.
  1931 | D:2      | Reached XP level 4. HP: 30/30 MP: 6/8
  1974 | D:2      | Learned a level 3 spell: Mephitic Cloud
  2551 | D:2      | Found a blossoming altar of Fedhas.
  2843 | D:2      | Found an opulent altar of Gozag.
  2843 | D:2      | Found a glowing silver altar of Zin.
  3051 | D:3      | Reached XP level 5. HP: 31/35 MP: 0/9
  4111 | D:3      | Reached skill level 5 in Conjurations
  4119 | D:3      | Noticed Jessica
  4131 | D:3      | Killed Jessica
  4641 | D:4      | Gained mutation: You are partially covered in slimy green scales. (AC +2) [potion of mutation]
  4641 | D:4      | Gained mutation: Your mind is acute. (Int +2) [potion of mutation]
  4672 | D:4      | Reached XP level 6. HP: 41/41 MP: 5/11
  5109 | D:4      | Reached skill level 5 in Spellcasting
  5109 | D:4      | Reached XP level 7. HP: 25/46 MP: 0/14
  5844 | D:4      | Reached XP level 8. HP: 52/52 MP: 14/17
  5902 | D:4      | Identified a +1 pair of boots of running (You found it on level 4 of the Dungeon)
  5958 | D:4      | Reached skill level 1 in Fire Magic
  6250 | D:4      | Learned a level 3 spell: Call Canine Familiar
  6313 | D:4      | Found a staircase to the Ecumenical Temple.
  6322 | Temple   | Entered the Ecumenical Temple
  6373 | Temple   | Became a worshipper of Vehumet
  6436 | D:5      | Entered Level 5 of the Dungeon
  6496 | D:5      | Got a polished shield
  6505 | D:5      | Found a glowing drain.
  6514 | Sewer    | Entered a sewer
  6556 | Sewer    | Learned a level 2 spell: Swiftness
  6991 | D:5      | Shot with an arrow by a centaur

Skill      XL: |  1  2  3  4  5  6  7  8 |
---------------+-------------------------+-----
Conjurations   | 2 3 4 5 6 |  6.4
Spellcasting   | 5 6 |  6.3
Fire Magic     | 2 |  2.7
Dodging        | |  2.0
Stealth        | |  2.0
Summonings     | |  1.0
Translocations | |  1.0

Action                   |  1- 3 |  4- 6 |  7- 9 || total
-------------------------+-------+-------+-------++-------
Melee: Unarmed           |     6 |     3 |       ||     9
       Spear             |    31 |    22 |    39 ||    92
Throw: Javelin           |     1 |       |       ||     1
 Cast: Magic Dart        |    68 |   178 |   143 ||   389
       Mephitic Cloud    |       |       |     2 ||     2
       Conjure Flame     |       |       |     1 ||     1
  Use: Scroll            |       |     9 |     1 ||    10
       Potion            |       |     1 |       ||     1
  Eat: Chunk             |     3 |    10 |     5 ||    18
Armor: Robe              |    19 |    22 |    42 ||    83
Dodge: Dodged            |    33 |    47 |    57 ||   137
